 Dungeon Crawl Stone Soup version 0.16.1-2-g95b8d4c (webtiles) character file.

26 Medar the Scratcher (level 2, 0/12 HPs)
             Began as a Felid Transmuter on Mar 24, 2015.
             Slain by an adder (5 damage)
             ... on level 2 of the Dungeon.
             The game lasted 00:02:48 (951 turns).

Medar the Scratcher (Felid Transmuter)               Turns: 951, Time: 00:02:48

Health: 0/12       AC:  1    Str:  6    XL:     2   Next: 89%
Magic:  3/5        EV: 18    Int: 14    God:
Gold:   45         SH:  0    Dex: 16    Spells: 2 memorised, 2 levels left
                                        Lives:  0   Deaths: 0

rFire  . . .     SeeInvis +       - Unarmed
rCold  . . .     Clarity  .     (armour unavailable)
rNeg   . . .     SustAb   .     (shield unavailable)
rPois  .         Gourm    .     (helmet unavailable)
rElec  .         Spirit   .     (cloak unavailable)
rCorr  .         Warding  .     (gloves unavailable)
rMut   .         Stasis   .     (boots unavailable)
MR     .....                    (no amulet)
Stlth  ++........               (no ring)
                                (no ring)

@: quick, not resistant to hostile enchantments, unstealthy
A: paw claws, no armour, no weapons or thrown items, fangs 3, see invisible,
carnivore 3, speed 1, shaggy fur 1, slow metabolism 1, sharp paws
a: no special abilities


You were on level 2 of the Dungeon.
You were completely stuffed.

You visited 1 branch of the dungeon, and saw 2 of its levels.

You collected 45 gold pieces.

Inventory:

Missiles
 b - 10 arrows
Scrolls
 c - 3 scrolls of remove curse {@r1}
 e - a scroll of recharging {unknown}
 f - a scroll of random uselessness {unknown}
 h - a scroll of enchant weapon {unknown}
Potions
 g - a potion of brilliance {unknown}
 i - a potion of degeneration {unknown}
Books
 d - a book of Changes

   Spells                             Type                      Level
   a - Beastly Appendage              Transmutation                1
   b - Sticks to Snakes               Transmutation                2
   c - Spider Form                    Transmutation/Poison         3
   d - Ice Form                       Ice/Transmutation            4
   e - Blade Hands                    Transmutation                5
Comestibles
 a - a meat ration {@e2}


   Skills:
 - Level 1.0 Fighting
 - Level 2.6 Dodging
 + Level 4.1 Unarmed Combat
 - Level 2.0 Spellcasting
 - Level 2.1 Transmutations


You had 2 spell levels left.
You knew the following spells:

 Your Spells              Type           Power        Failure   Level  Hunger
d - Sticks to Snakes      Trmt           #.........   17%         2    ###....
s - Beastly Appendage     Trmt           #.....       12%         1    ##.....


Dungeon Overview and Level Annotations

Branches:
Dungeon (2/15)

Altars:

Annotations:
D:1 1 runed door


Innate Abilities, Weirdness & Mutations

You cannot wear armour.
You are incapable of wielding weapons or throwing items.
You have razor-sharp teeth.
You have supernaturally acute eyesight.
You are carnivorous and can eat meat at any time.
You cover ground quickly.
You are covered in fur (AC +1).
You have a slow metabolism.
Your paws have sharp claws that are effective at stabbing.


Message History

You scratch the adder.
The adder is severely wounded.
The adder closely misses you. The giant newt misses you.
You barely miss the adder. You bite the adder, but do no damage.
The adder is severely wounded.
The adder closely misses you. The giant newt misses you.
The adder closely misses you. The adder bites your ball python.
Your ball python is poisoned.
The adder poisons your ball python! Something bites your ball python.
Your ball python dies!
There is a stone staircase leading up here.
Your horns disappear.
You closely miss the adder.
The adder is severely wounded.
The adder bites you.
You closely miss the adder. Your bite misses the adder.
The adder is severely wounded.
The adder bites you. x2
You die...

. . #.#
......
#.....#
.....#..
.....# #.<.#
##..
#...####....#
#lS@..#.#
#.#.....#
#.......#
#.)#.####
#..#.# .....#
.#.?..#
#..##.# .##
.#


You could see an adder (bleeding) and a giant newt.

Vanquished Creatures
  An ooze (D:1)
  7 bats (D:1)
  2 giant cockroaches (D:1)
  4 hobgoblins
  A ball python (D:1)
  5 goblins (D:1)
  2 rats (D:1)
22 creatures vanquished.

Vanquished Creatures (collateral kills)
  A kobold (D:1)
1 creature vanquished.

Grand Total: 23 creatures vanquished

Notes
Turn   | Place    | Note
--------------------------------------------------------------
     0 | D:1      | Medar, the Felid Transmuter, began the quest for the Orb.
     0 | D:1      | Reached XP level 1. HP: 9/9 MP: 4/4
     2 | D:1      | Found a runed door.
   165 | D:1      | Reached XP level 2. HP: 12/12 MP: 2/5
   172 | D:1      | Learned a level 2 spell: Sticks to Snakes
   770 | D:1      | Reached skill level 4 in Unarmed Combat
   951 | D:2      | Slain by an adder

Action                   || total
-------------------------++-------
Melee: Unarmed           ||    56
 Cast: Beastly Appendage ||    17
       Sticks to Snakes  ||     2
  Use: Scroll            ||     1
 Stab: Sleeping          ||     2
  Eat: Chunk             ||     8
